 Dungeon Crawl Stone Soup version 0.31-a0-489-g282fc92437 (webtiles) character file.

Game seed: 13535793088217043380

89 Ethylacetat the Trooper (level 4, -11/23 (24) HPs)
             Began as a Vine Stalker Monk on Aug 7, 2023.
             Mangled by a hell rat (18 damage)
             ... in a sewer.
             The game lasted 00:03:13 (1760 turns).

Ethylacetat the Trooper (Vine Stalker Monk)         Turns: 1760, Time: 00:03:13

HP:   -11/23 (24)   AC:  5    Str: 16    XL:     4   Next: 55%
MP:   0/7           EV: 11    Int: 10    God:
Gold: 64            SH:  0    Dex: 16    Spells: 6/6 levels left

rFire   . . .        a - +0 hand axe
rCold   . . .        d - orb {light}
rNeg    . . .        k - +0 ring mail
rPois   .            (helmet currently unavailable)
rElec   .            (cloak currently unavailable)
rCorr   .            (gloves currently unavailable)
SInv    .            (boots currently unavailable)
Will    .....        (no amulet)
Stlth   +            (no ring)
HPRegen 1.03/turn    (no ring)
MPRegen 0.10/turn

%: guardian spirit
@: beast-form, glowing, lightly drained
A: beast (slay +0), fangs 2, regeneration 1, magic shield, antimagic bite, no
potion heal 2
a: Begin Untransformation


You were in a sewer.
You were a hulking beast.
You visited 1 branch of the dungeon, and saw 3 of its levels.
You also visited: Sewer.

You collected 64 gold pieces.

Inventory:

Hand Weapons
 a - a +0 hand axe (weapon)
Armour
 d - an orb of light (worn)
 k - a +0 ring mail (worn)
Talismans
 m - a beast talisman (active)
Scrolls
 b - a scroll of enchant armour {unknown}
 g - 2 scrolls of identify {unknown}
 h - a scroll of poison {unknown}
 i - a scroll of teleportation {unknown}
 j - a scroll of acquirement {unknown}
 l - a scroll of blinking {unknown}
 n - a scroll of noise {unknown}
 p - a scroll of fog {unknown}
Potions
 c - 2 potions of ambrosia
 e - 2 potions of curing {unknown}
 f - a potion of haste {unknown}
 o - a potion of resistance {unknown}


   Skills:
 + Level 3.3 Fighting
 + Level 3.3 Axes
 - Level 2.4 Dodging
 + Level 1.8 Spellcasting
 * Level 1.2 Shapeshifting


You had 6 spell levels left.
You didn't know any spells.
Your spell library contained the following spells:

 Spells                   Type           Power      Damage    Failure   Level
 Sting                    Tmut/Pois      0%         1d3       52%         1
 Blink                    Tloc           0%         N/A       67%         2
 Cigotuvi's Dreadful Rot  Necr/Pois/Air  0%         N/A       67%         2
 Lesser Beckoning         Tloc           0%         N/A       67%         2
 Momentum Strike          Conj/Tloc      0%         3d8       67%         2
 Ignite Poison            Fire/Tmut/Pois 0%         N/A       88%         3


Dungeon Overview and Level Annotations

Branches:
Dungeon (3/15)              Sewer (1/1)

Altars:

Shops:
D:2 (


Innate Abilities, Weirdness & Mutations

You are a hulking beast.
Your limbs bulge with bestial killing power. (Slay +0)
You have extremely sharp teeth.
Your natural rate of healing is unusually fast.
When hurt, damage is shared between your health and your magic reserves.
Your bite disrupts and absorbs the magic of your enemies.
Potions cannot restore your health.


Message History

You enter the shallow water.
Moving in this stuff is going to be slow.
You open the door.
A hell rat comes into view.
The hell rat moves out of view.
Found four items.
Found a gate leading back out of this place.
Found a blue potion, 23 gold pieces and a purple potion.
There is an open door here.
You barely miss the hell rat. You hit the hell rat.
The hell rat is moderately wounded.
The hell rat bites you! x2
* * * LOW HITPOINT WARNING * * *
You feel drained.
* * * LOW HITPOINT WARNING * * *
Unknown command.
Okay, then.
Press: ? - help, v - describe, . - travel
Here: a hell rat (moderately wounded, haloed) Some shallow water.
You hit the hell rat but do no damage.
You bite the hell rat, but do no damage.
The hell rat is moderately wounded.
The hell rat splashes around in the water.
You barely miss the hell rat.
The hell rat is moderately wounded.
The hell rat splashes around in the water.
You barely miss the hell rat.
The hell rat is moderately wounded.
The hell rat splashes around in the water. x2
You barely miss the hell rat.
The hell rat is moderately wounded.
The hell rat closely misses you.
You barely miss the hell rat.
You bite the hell rat, but do no damage.
The hell rat is moderately wounded.
The hell rat barely misses you. The hell rat bites you!!
Ouch! That really hurt!
You die...

#########
###.~~.~~.###
###....†~.~...###
#...~.##h##.~†~~#
##..~###.r~###.~~##
#~~†##~~~~~~~##~~~#
#~.~#.~~~~~~..#...#
#~..##~?!$!$.##...#
##...###!∩!###~~~##
#~...~#####.~...#
###..~~.∩~~~..###
###.†~∩~.~###


You could see a hell rat.

Vanquished Creatures
  2 adders (D:2)
  A river rat (Sewer)
  2 worms
  3 endoplasms
  3 giant cockroaches
  7 hobgoblins
  4 jackals (D:2)
  A quokka (D:1)
  4 ball pythons
  5 bats
  2 frilled lizards (D:1)
  5 goblins
  6 kobolds
  11 rats
56 creatures vanquished.

Notes
Turn   | Place    | Note
-------+----------+-------------------------------------------
     0 | D:1      | Ethylacetat the Vine Stalker Monk began the quest for the
                  | Orb.
     0 | D:1      | Reached XP level 1. HP: 11/11 MP: 2/2
   127 | D:1      | Reached XP level 2. HP: 16/16 MP: 2/4
   298 | D:1      | Reached skill level 1 in Spellcasting
   430 | D:1      | Got the Meditations on Corruption
   531 | D:1      | Found a faded altar of an unknown god.
   962 | D:2      | Reached XP level 3. HP: 18/20 MP: 3/5
  1310 | D:2      | Found Rialiukh's Weapon Boutique.
  1435 | D:2      | Gained mutation: Your natural rate of healing is unusually
                  | fast. [Vine Stalker growth]
  1435 | D:2      | Reached XP level 4. HP: 16/24 MP: 5/7
  1610 | D:2      | Reached skill level 1 in Shapeshifting
  1657 | D:3      | Found a glowing drain.
  1686 | Sewer    | Entered a sewer
  1695 | Sewer    | HP: 1/24 [river rat (6)]
  1755 | Sewer    | HP: 1/23 [hell rat (3)]
  1760 | Sewer    | Mangled by a hell rat

Illustrated notes

Levels and vault maps discovered:
D:1:      minmay_arrival_arboretum_small, layout_loops_ring,
          shapermc_ecumenical_altar_hornbeckon
D:2:      layout_loops_cross, serial_shops, shop
D:3:      layout_basic, cheibrodos_sewer_entry_sluice
Sewer:    sewer_hellmonk_bad_rat

Skill      XL: |  1  2  3  4 |
---------------+-------------+-----
Fighting       | 3 |  3.3
Spellcasting   | 1 |  1.8
Axes           | 3 |  3.3
Shapeshifting  | 1 |  1.2
Dodging        | |  2.4

Action                     |  1- 3 |  4- 6 || total
---------------------------+-------+-------++-------
  Melee: Hand axe          |    87 |    41 ||   128
         Bite              |    28 |     9 ||    37
 Armour: Robe              |     6 |       ||     6
         Ring mail         |    15 |     6 ||    21
  Dodge: Dodged            |    36 |    14 ||    50
   Form: Beast             |     1 |       ||     1

Table legend: (Time is in decaauts)
 A = Elapsed time spent in this place.
 B = Non-inter-level travel time spent in this place.
 C = Inter-level travel time spent in this place.
 D = Time resting spent in this place.
 E = Time spent auto-exploring this place.
 F = Levels seen in this place.
 G = Mean time per level.
                   A        B        C        D        E       F      G
               +--------+--------+--------+--------+--------+-----+--------+
         Total |   1798 |   1652 |    146 |      0 |   1295 |   4 |  449.5 |
       Dungeon |   1712 |   1566 |    146 |      0 |   1295 |   3 |  570.7 |
         Sewer |     86 |     86 |      0 |      0 |      0 |   1 |   86.0 |
               +--------+--------+--------+--------+--------+-----+--------+

Top non-repeatable levels by time:
     D:1: 951 daAuts
     D:2: 726 daAuts
   Sewer: 86 daAuts
     D:3: 34 daAuts
